 Dungeon Crawl Stone Soup version 0.26-a0-778-g3fe0686644 (webtiles) character file.

Game seed: 4839583504975800100

9 miscthings the Sneak (level 2, -1/27 HPs)
             Began as a Palentonga Delver on Nov 9, 2020.
             Slain by a bullfrog skeleton (3 damage)
             ... on level 4 of the Dungeon.
             The game lasted 00:00:23 (215 turns).

miscthings the Sneak (Palentonga Delver)             Turns: 215, Time: 00:00:24

Health: -1/27      AC:  4    Str: 15    XL:     2   Next: 3%
Magic:  2/2        EV:  9    Int: 10    God:
Gold:   0          SH:  0    Dex: 11    Spells: 1/1 levels left

rFire    . . .     SeeInvis +   a - +0 hand axe
rCold    . . .     Faith    .   (no shield)
rNeg     . . .     Spirit   .   b - +0 leather armour
rPois    .         Reflect  .   (no helmet)
rElec    .         Harm     .   (no cloak)
rCorr    .         Rampage  .   (no gloves)
MR       .....                  (no barding)
Stlth    ++........             (no amulet)
HPRegen  0.09/turn              (no ring)
MPRegen  0.08/turn              (no ring)

@: no status effects
A: large, rugged brown scales 3, see invisible, deformed body, roll, armoured
tail
a: Rolling Charge


You were on level 4 of the Dungeon.
You visited 1 branch of the dungeon, and saw 2 of its levels.

Inventory:

Hand Weapons
 a - a +0 hand axe (weapon)
Armour
 b - a +0 leather armour (worn)
Wands
 g - a wand of digging (3)
Scrolls
 c - a scroll of fog
 d - a scroll of magic mapping
Potions
 f - a potion of haste


   Skills:
 - Level 3.0 Fighting
 + Level 2.8 Axes
 - Level 1.5 Dodging
 - Level 3.3 Stealth


You had one spell level left.
You didn't know any spells.
Your spell library was empty.

Dungeon Overview and Level Annotations

Branches:
Dungeon (5/15)
 Temple: D:4-7

Altars:


Innate Abilities, Weirdness & Mutations

You are completely covered in rugged brown scales. (AC +3, +7% HP)
You have supernaturally acute eyesight. (SInv)
Armour fits poorly on your strangely shaped body.
You can roll at foes to attack.
You have a long armoured tail.


Message History

You have reached level 2!
You barely miss the orc. The orc hits you. The bullfrog skeleton hits you!
* * * LOW HITPOINT WARNING * * *
The orc closely misses you.
Found a silvery potion.
As you read the scroll of fear, it crumbles to dust.
You assume a fearsome visage.
The orc looks frightened! x2
The bullfrog skeleton is unaffected.
The orc yells, "Help!"
Found a stone staircase leading down.
You hit the bullfrog skeleton.
The bullfrog skeleton is moderately damaged.
The bullfrog skeleton hits you.
* * * LOW HITPOINT WARNING * * *
You slash the bullfrog skeleton!
The bullfrog skeleton is heavily damaged.
The bullfrog skeleton hits you.
* * * LOW HITPOINT WARNING * * *
The bullfrog skeleton hits you.
You die...

... .# .. #. # .
###. .#.#
.##..o##)..# o..
#>o# #r##..###
..##...##..# ###
.....#.##.#....#
....>..@Z......#
#.##.#..!......#
#.#...........
#...........##
###.........#
..........#
##.#######.# ..
.#


You could see an orc (fleeing), a quokka and a bullfrog skeleton.

Vanquished Creatures
  2 orcs (D:4)
  3 jackals (D:5)
  A leopard gecko skeleton (D:5)
6 creatures vanquished.

Notes
Turn   | Place    | Note
-------+----------+-------------------------------------------
     0 | D:5      | miscthings the Palentonga Delver began the quest for the
                  | Orb.
     0 | D:5      | Reached XP level 1. HP: 20/20 MP: 1/1
   207 | D:4      | Reached XP level 2. HP: 12/27 MP: 2/2
   215 | D:4      | Slain by a bullfrog skeleton

Illustrated notes

Levels and vault maps discovered:
D:4:      layout_loops_corners, minmay_temple_entry_butterflies, st_stairs_7,
          uniq_crazy_yiuf_cottage, uniq_pikel
D:5:      layout_gridville, grunt_temple_overflow_bloody_war,
          nicolae_overflow_quartered_altars, serial_glass, glass_columns_b,
          glass_columns_a

Action                   || total
-------------------------++-------
Melee: Hand axe          ||    22
       Tailslap          ||     1
 Abil: Rolling Charge    ||     2
  Use: Scroll            ||     1
Armor: Leather armour    ||     5
Dodge: Dodged            ||    11

Table legend: (Time is in decaauts)
 A = Elapsed time spent in this place.
 B = Non-inter-level travel time spent in this place.
 C = Inter-level travel time spent in this place.
 D = Time resting spent in this place.
 E = Time spent auto-exploring this place.
 F = Levels seen in this place.
 G = Mean time per level.
                   A        B        C        D        E       F      G
               +--------+--------+--------+--------+--------+-----+--------+
         Total |    218 |    206 |     12 |    143 |     22 |   2 |  109.0 |
       Dungeon |    218 |    206 |     12 |    143 |     22 |   2 |  109.0 |
               +--------+--------+--------+--------+--------+-----+--------+

Top non-repeatable levels by time:
     D:5: 197 daAuts
     D:4: 20 daAuts
